 Dungeon Crawl Stone Soup version 0.30-a0-556-g0a0f5a245f (webtiles) character file.

Game seed: 17422292034792974672

7112 HessuHobo the Fighter (level 10, -2/90 HPs)
             Began as a Minotaur Monk on Dec 27, 2022.
             Was a Priest of Wu Jian.
             Succumbed to a kobold brigand's curare-tipped dart
             ... on level 9 of the Dungeon.
             The game lasted 00:28:10 (11226 turns).

HessuHobo the Fighter (Minotaur Monk)              Turns: 11226, Time: 00:28:11

Health: -2/90      AC: 19    Str: 17    XL:     10   Next: 85%
Magic:  9/9        EV: 14    Int: 12    God:    Wu Jian [***...]
Gold:   116        SH:  0    Dex: 16    Spells: 9/9 levels left

rFire   + . .      SeeInvis .      - Unarmed
rCold   + . .      Faith    .    (no shield)
rNeg    . . .      Spirit   .    z - +3 chain mail "Bosug" {+Inv rElec}
rPois   .          Reflect  .    I - +1 hat
rElec   +          Harm     .    (no cloak)
rCorr   .          Rampage  .    H - +0 pair of gloves
Will    .....                    S - +2 pair of boots of Cimibo {rElec rC+ Int+5} Stlth
                                 J - amulet of regeneration
HPRegen 1.15/turn                R - ring of protection from fire
MPRegen 0.11/turn                D - +4 ring of evasion

@: lethally poisoned (-2 -> -24), exhausted, marked, slowed, studying 2 skills,
very slow
A: horns 2, retaliatory headbutt
a: Renounce Religion, Evoke Invisibility, Wall Jump, Serpent's Lash


You were on level 9 of the Dungeon.
You worshipped Wu Jian.
Wu Jian was most pleased with you.
You visited 2 branches of the dungeon, and saw 10 of its levels.

You collected 365 gold pieces.
You spent 249 gold pieces at shops.

Inventory:

Missiles
 x - 19 poisoned darts (quivered)
 P - 12 boomerangs of dispersal
Armour
 a - a +0 robe
 f - a +2 robe of willpower
 g - a +0 ring mail
 w - a +0 chain mail
 z - the +3 chain mail "Bosug" (worn) {+Inv rElec}
   (You found it on level 5 of the Dungeon)

   rElec:     It insulates you from electricity.
   +Inv:      It lets you turn invisible.
 H - a +0 pair of gloves (worn)
 I - a +1 hat (worn)
 O - a +0 buckler
 S - the +2 pair of boots of Cimibo (worn) {rElec rC+ Int+5}
   (You found it on level 8 of the Dungeon)

   Int:       It affects your intelligence (+5).
   rC:        It protects you from cold.
   rElec:     It insulates you from electricity.
Jewellery
 m - a ring of positive energy
 v - a ring of flight
 D - a +4 ring of evasion (right hand)
 J - an amulet of regeneration (around neck)
 M - a ring of see invisible
 R - a ring of protection from fire (left hand)
Wands
 b - a wand of flame (29)
 B - a wand of iceblast (11)
 C - a wand of polymorph (11)
 E - a wand of paralysis (15)
Scrolls
 c - 4 scrolls of amnesia
 e - a scroll of enchant armour {unknown}
 h - a scroll of silence
 l - a scroll of magic mapping {unknown}
 n - a scroll of teleportation
 q - 3 scrolls of blinking {unknown}
 r - 2 scrolls of fog
 y - a scroll of brand weapon {unknown}
 A - 2 scrolls of noise {unknown}
 F - 2 scrolls of vulnerability
 L - a scroll of fear {unknown}
 N - 4 scrolls of identify
 Q - a scroll of acquirement {unknown}
Potions
 d - 3 potions of heal wounds
 i - a potion of berserk rage {unknown}
 j - 2 potions of might
 k - a potion of mutation {unknown}
 o - 3 potions of degeneration
 p - a potion of lignification
 s - a potion of magic {unknown}
 t - 3 potions of brilliance
 u - a potion of ambrosia
 G - 5 potions of curing
 K - a potion of flight {unknown}
 T - a potion of haste {unknown}


   Skills:
 + Level 8.9 Fighting
 + Level 5.4 Throwing
 + Level 8.7 Armour
 + Level 8.1 Dodging
 + Level 5.8 Stealth
 + Level 8.1 Unarmed Combat
 + Level 4.0 Evocations


You had 9 spell levels left.
You didn't know any spells.
Your spell library contained the following spells:

 Spells                   Type           Power      Damage    Failure   Level
 Magic Dart               Conj           0%         1d3       98%         1
 Slow                     Hex            0%         N/A       98%         1
 Summon Small Mammal      Summ           0%         N/A       98%         1
 Call Imp                 Summ           0%         N/A       99%         2
 Call Canine Familiar     Summ           0%         N/A       100%        3
 Confusing Touch          Hex            0%         N/A       100%        3
 Mephitic Cloud           Conj/Pois/Air  0%         N/A       100%        3
 Ozocubu's Armour         Ice            0%         N/A       100%        3
 Portal Projectile        Hex/Tloc       0%         N/A       100%        3
 Summon Guardian Golem    Hex/Summ       0%         N/A       100%        3
 Vampiric Draining        Necr           0%         2d6       100%        3
 Leda's Liquefaction      Hex/Erth       0%         N/A       100%        4
 Ozocubu's Refrigeration  Ice            0%         4d7       100%        7


Dungeon Overview and Level Annotations

Branches:
Dungeon (9/15)             Temple (1/1) D:5            Lair (0/5) D:8
    Orc: D:9-12

Altars:
Ashenzari
Dithmenos
Elyvilon
Fedhas
Hepliaklqana
Kikubaaqudgha
Makhleb
Nemelex Xobeh
Okawaru
Qazlal
Ru
Sif Muna
Uskayaw
Vehumet
Wu Jian
Xom
Yredelemnul
Zin

Shops:
D:1 *   D:8 **   D:9 (

Annotations:
D:3 exclusion: downstairs


Innate Abilities, Weirdness & Mutations

You have a pair of horns on your head.
You reflexively headbutt those who attack you in melee.


Message History

You hit Harold but do no damage. You headbutt Harold, but do no damage.
Harold is almost dead.
Harold points at you and mumbles some strange words.
The mark upon you grows brighter.
You hit Harold.
You kill Harold!
The Council accepts your kill.
Your Unarmed Combat skill increases to level 8!
Your Evocations skill increases to level 4!
You start resting.
A kobold brigand comes into view.
It is wielding a +0 whip and quivering curare-tipped darts.
Items here: ( ) [ †.
Your supernatural speed expires.
The kobold brigand throws a curare-tipped dart.
The curare-tipped dart hits you.
You are poisoned.
You have difficulty breathing.
You feel yourself slow down.
Items here: ( ) [ †.
You feel very sick.
The kobold brigand throws a curare-tipped dart.
The curare-tipped dart hits you.
You are more poisoned.
You have difficulty breathing.
* * * LOW HITPOINT WARNING * * *
You feel as though you will be slow longer.
Items here: ) [[ †.
* * * LOW HITPOINT WARNING * * *
You feel extremely sick.
The kobold brigand throws a curare-tipped dart.
The curare-tipped dart hits you.
You are lethally poisoned!
You have difficulty breathing.
* * * LOW HITPOINT WARNING * * *
You feel as though you will be slow longer.
A kobold comes into view. It is wielding a +0 short sword.
You barely miss the kobold brigand.
Your headbutt misses the kobold brigand.
You punch the kobold brigand.
The kobold brigand is lightly wounded.
You die...

#... ## ####.# #..# #.#
#..# # #.# #..# .# #.#
#..# #.## #.# ## #..#
#.K.## #.# #. #..#
....:## #.# #.
##.)####.....:# #.###.
#...))@K......# #.....
#(#.####....#.# ######
#!.?# .####
#.#####.#####.#
#.............#
##..####.####..#
....####.##....!
#.....)....#..########
....####>##..)........#


You could see a kobold brigand and a kobold.

Vanquished Creatures
  Harold (D:9)
  Erica (D:8)
  A two-headed ogre (D:9)
  Pikel (D:5)
  Joseph (D:8)
  Grinder (D:6)
  2 wyverns
  A yak (D:7)
  Eustachio (D:5)
  A basilisk (D:8)
  Grum (D:8)
  A steam dragon (D:6)
  Menkaure (D:5)
  2 acid dragons
  Duvessa (D:5)
  2 water moccasins
  3 black bears
  An orc warrior (D:8)
  An ogre (D:4)
  A wolf (D:8)
  2 centaurs
  A lemure (D:5)
  A bullfrog (D:8)
  2 gnoll sergeants
  3 necrophages
  6 scorpions
  8 wights
  Dowan (D:5)
  8 orc priests
  3 hounds
  3 jellies
  Jessica (D:2)
  2 iguanas
  6 orc wizards
  8 gnolls
  11 adders
  A shadow imp (D:6)
  3 white imps
  An ufetubus (D:6)
  3 worms
  A dart slug (D:4)
  22 orcs
  6 bats
  4 endoplasms
  2 giant cockroaches
  4 hobgoblins
  2 jackals (D:1)
  17 kobolds
  4 quokkas
  6 ball pythons
  5 frilled lizards
  5 goblins
  4 rats
181 creatures vanquished.

Vanquished Creatures (others)
  A fungus (D:8)
  A plant (D:8)
2 creatures vanquished.

Grand Total: 183 creatures vanquished

Notes
Turn   | Place    | Note
-------+----------+-------------------------------------------
     0 | D:1      | HessuHobo the Minotaur Monk began the quest for the Orb.
     0 | D:1      | Reached XP level 1. HP: 19/19 MP: 0/0
   144 | D:1      | You fall into a shaft and drop 1 floor!
   386 | D:2      | Reached XP level 2. HP: 26/27 MP: 1/1
   394 | D:2      | Reached skill level 1 in Armour
   543 | D:2      | Noticed Jessica
   546 | D:2      | Reached XP level 3. HP: 33/33 MP: 2/2
   570 | D:2      | Killed Jessica
   880 | D:1      | Found a faded altar of an unknown god.
  1217 | D:1      | Found Leychem's Assorted Antiques.
  1393 | D:1      | Reached XP level 4. HP: 27/40 MP: 3/3
  2082 | D:3      | Noticed a necrophage
  2093 | D:3      | Killed a necrophage
  2094 | D:3      | Reached XP level 5. HP: 43/47 MP: 4/4
  2142 | D:3      | Reached skill level 1 in Throwing
  2318 | D:3      | Found a basalt altar of Yredelemnul.
  2833 | D:4      | Noticed an ogre
  2862 | D:4      | Reached XP level 6. HP: 31/53 MP: 5/5
  2973 | D:4      | HP: 1/53 [orc priest/+0 flail (5)]
  3563 | D:4      | Found a radiant altar of Vehumet.
  3566 | D:4      | Found a sacrificial altar of Ru.
  3742 | D:4      | Reached skill level 5 in Fighting
  4113 | D:5      | Entered Level 5 of the Dungeon
  4194 | D:5      | Reached XP level 7. HP: 43/61 MP: 6/6
  4609 | D:5      | Found a staircase to the Ecumenical Temple.
  4609 | D:5      | Identified the +3 chain mail "Bosug" {+Inv rElec}
  4644 | D:5      | Noticed Duvessa
  4646 | Temple   | Entered the Ecumenical Temple
  4904 | Temple   | Became a worshipper of the Wu Jian Council
  4904 | Temple   | Reached * piety under Wu Jian
  4904 | Temple   | Reached ** piety under Wu Jian
  4939 | D:5      | Killed Duvessa
  4940 | D:5      | Reached skill level 5 in Dodging
  4940 | D:5      | Reached skill level 5 in Unarmed Combat
  5108 | D:5      | Noticed Pikel
  5132 | D:5      | Killed Pikel
  5133 | D:5      | Reached skill level 5 in Armour
  5133 | D:5      | Reached XP level 8. HP: 47/70 MP: 7/7
  5555 | D:5      | Noticed Dowan
  5684 | D:5      | Killed Dowan
  5709 | D:5      | Noticed Menkaure
  5715 | D:5      | Killed Menkaure
  5715 | D:5      | Noticed Eustachio
  5738 | D:5      | Killed Eustachio
  6245 | D:6      | Found a hide-covered altar of Uskayaw.
  6396 | D:6      | Reached XP level 9. HP: 35/79 MP: 8/8
  6432 | D:6      | Reached skill level 1 in Evocations
  6682 | D:6      | Found a stormy altar of Qazlal.
  6845 | D:6      | Noticed Grinder
  6852 | D:6      | Paralysed by Grinder for 4 turns
  6863 | D:6      | Paralysed by Grinder for 2 turns
  6866 | D:6      | Killed Grinder
  7674 | D:1      | Bought an embroidered hat for 161 gold pieces
  7886 | D:7      | Found a shimmering blue altar of Sif Muna.
  8987 | D:8      | Found a staircase to the Lair.
  9057 | D:7      | Reached *** piety under Wu Jian
  9239 | D:8      | Found Zin's Purification Station.
  9239 | D:8      | Found a glowing silver altar of Zin.
  9254 | D:8      | Noticed Grum
  9264 | D:8      | Reached skill level 5 in Stealth
  9303 | D:8      | Reached XP level 10. HP: 82/88 MP: 9/9
  9397 | D:8      | Found a white marble altar of Elyvilon.
  9398 | D:8      | Noticed Joseph
  9411 | D:8      | Killed Joseph
  9453 | D:8      | Identified the +2 pair of boots of Cimibo {rElec rC+ Int+5}
  9810 | D:8      | Found Xehoph's General Store.
 10049 | D:8      | Killed Grum
 10145 | D:8      | Bought a scroll of identify for 22 gold pieces
 10145 | D:8      | Bought a scroll of identify for 22 gold pieces
 10145 | D:8      | Bought a scroll of fog for 44 gold pieces
 10216 | D:8      | Found a broken altar of Ashenzari.
 10319 | D:8      | Noticed Erica
 10360 | D:8      | Killed Erica
 10603 | D:8      | Found a shimmering altar of Xom.
 10966 | D:9      | Reached skill level 5 in Throwing
 11032 | D:9      | Found Hemak's Antique Weapon Boutique.
 11105 | D:9      | Noticed a two-headed ogre
 11122 | D:9      | Killed a two-headed ogre
 11189 | D:9      | Noticed Harold
 11211 | D:9      | Paralysed by Harold for 3 turns
 11221 | D:9      | Killed Harold
 11226 | D:9      | Succumbed to a kobold brigand's curare-tipped dart

Illustrated notes

Levels and vault maps discovered:
D:1:      dpeg_arrival_signposts, layout_basic,
          shapermc_ecumenical_altar_ellora, serial_rivers,
          chequers_serial_rivers_micro_e, chequers_serial_rivers_micro_a,
          chequers_serial_rivers_micro_e, chequers_serial_rivers_micro_d,
          serial_shops, nicolae_shop_hallway_stairs
D:2:      layout_rooms, uniq_jessica
D:3:      layout_rooms, mainiacjoe_overflow_boulevard
D:4:      layout_basic, nicolae_overflow_hidden_temple
D:5:      layout_basic, minmay_temple_entry_arrows, minivault_23, uniq_pikel,
          uniq_eustachio, uniq_menkaure, uniq_duvessa
D:6:      layout_loops_corners, kennysheep_mini, mainiacjoe_overflow_paths,
          uniq_grinder
D:7:      layout_basic, lemuel_coloured_pillars_altar, minmay_unpleasant_kobolds
D:8:      layout_loops_corners, mainiacjoe_overflow_brackets,
          mainiacjoe_overflow_surrounded_room, zin_purify,
          nicolae_ashenzari_skybound, david_lair_generic, serial_shops,
          nicolae_inconvenience_store, uniq_grum, uniq_joseph, uniq_erica
D:9:      layout_loops_ring, serial_shops, kennysheep_little_box, uniq_harold
Temple:   hellmonk_temple_forest_ring

Skill      XL: |  1  2  3  4  5  6  7  8  9 10 |
---------------+-------------------------------+-----
Armour         | 1 2 3 5 6 7 8 |  8.7
Stealth        | 2 3 4 5 |  5.8
Fighting       | 4 5 6 7 8 |  8.9
Dodging        | 4 5 6 7 8 |  8.1
Unarmed Combat | 4 5 6 7 8 |  8.1
Throwing       | 1 2 3 4 5 |  5.4
Evocations     | 2 4 |  4.0

Action                   |  1- 3 |  4- 6 |  7- 9 | 10-12 || total
-------------------------+-------+-------+-------+-------++-------
Melee: Unarmed           |    61 |   181 |   345 |   154 ||   741
       Headbutt          |     5 |    32 |   101 |    44 ||   182
       Punch             |     2 |     9 |    17 |     5 ||    33
Throw: Dart              |       |     5 |       |       ||     5
Invok: Whirlwind         |       |       |    14 |    14 ||    28
       Lunge             |       |       |    14 |    14 ||    28
       Serpent's Lash    |       |       |       |     3 ||     3
 Abil: Wall Jump         |       |       |     1 |     2 ||     3
Evoke: Wand              |       |       |       |     1 ||     1
  Use: Scroll            |       |     2 |     4 |     3 ||     9
       Potion            |       |     1 |     2 |     2 ||     5
 Stab: Sleeping          |     1 |     5 |       |       ||     6
Armor: Robe              |     4 |       |       |       ||     4
       Ring mail         |    15 |    40 |       |       ||    55
       Chain mail        |       |    19 |   185 |    62 ||   266
       Skin              |       |       |       |    72 ||    72
Dodge: Dodged            |    42 |    93 |   152 |    85 ||   372

Table legend: (Time is in decaauts)
 A = Elapsed time spent in this place.
 B = Non-inter-level travel time spent in this place.
 C = Inter-level travel time spent in this place.
 D = Time resting spent in this place.
 E = Time spent auto-exploring this place.
 F = Levels seen in this place.
 G = Mean time per level.
                   A        B        C        D        E       F      G
               +--------+--------+--------+--------+--------+-----+--------+
         Total |  11189 |  10429 |    760 |   3202 |   5341 |  10 | 1118.9 |
       Dungeon |  10915 |  10165 |    750 |   3102 |   5209 |   9 | 1212.8 |
        Temple |    273 |    263 |     10 |    100 |    132 |   1 |  273.0 |
               +--------+--------+--------+--------+--------+-----+--------+

Top non-repeatable levels by time:
     D:5: 1755 daAuts
     D:8: 1612 daAuts
     D:7: 1575 daAuts
     D:6: 1405 daAuts
     D:4: 1327 daAuts
     D:2: 1116 daAuts
     D:1: 999 daAuts
     D:3: 817 daAuts
     D:9: 306 daAuts
  Temple: 273 daAuts
